 Dungeon Crawl Stone Soup version 0.30-a0-760-g5a9884bb7c (webtiles) character file.

Game seed: 16436743661298860792

671 boo the Slasher (level 7, -4/62 HPs)
             Began as a Minotaur Fighter on Feb 11, 2023.
             Killed from afar by Blork the orc (7 damage)
             ... with a puff of flame
             ... on level 5 of the Dungeon.
             The game lasted 00:06:41 (4952 turns).

boo the Slasher (Minotaur Fighter)                  Turns: 4952, Time: 00:06:41

Health: -4/62      AC:  8    Str: 23    XL:     7   Next: 32%
Magic:  6/6        EV:  9    Int:  5    God:
Gold:   148        SH:  6    Dex:  9    Spells: 6/6 levels left

rFire   . . .      SeeInvis .    a - +0 long sword
rCold   . . .      Faith    .    k - +2 buckler {rN+}
rNeg    + . .      Spirit   .    b - +0 scale mail
rPois   .          Reflect  .    (helmet restricted)
rElec   .          Harm     .    (no cloak)
rCorr   .          Rampage  .    j - +0 pair of gloves
Will    .....                    (no boots) Stlth
                                 (no amulet)
HPRegen 0.30/turn                (no ring)
MPRegen 0.10/turn                (no ring)

@: no status effects
A: horns 2, retaliatory headbutt
a: no special abilities


You were on level 5 of the Dungeon.
You visited 2 branches of the dungeon, and saw 6 of its levels.
You also visited: Sewer.

You collected 148 gold pieces.

Inventory:

Hand Weapons
 a - a +0 long sword (weapon)
Armour
 b - a +0 scale mail (worn)
 j - a +0 pair of gloves (worn)
 k - a +2 buckler of positive energy (worn)
Wands
 f - a wand of flame (18)
Scrolls
 c - a scroll of teleportation
 i - a scroll of fear
 m - 2 scrolls of enchant armour
 o - a scroll of fog {unknown}
 p - a scroll of noise {unknown}
 q - a scroll of torment {unknown}
 s - a scroll of enchant weapon {unknown}
 t - a scroll of amnesia {unknown}
Potions
 d - 2 potions of might
 e - 6 potions of curing
 g - 2 potions of lignification
 h - 2 potions of heal wounds {unknown}
 l - 2 potions of resistance {unknown}
 n - 3 potions of brilliance {unknown}
 r - 2 potions of experience {unknown}
 u - a potion of cancellation {unknown}


   Skills:
 + Level 5.8 Fighting
 * Level 6.7 Long Blades
 + Level 5.7 Armour
 - Level 5.0 Shields


You had 6 spell levels left.
You didn't know any spells.
Your spell library contained the following spells:

 Spells                   Type           Power      Damage    Failure   Level
 Static Discharge         Conj/Air       0%         2-2/arc   94%         2
 Stone Arrow              Conj/Erth      0%         3d7       99%         3
 Vhi's Electric Charge    Tloc/Air       0%         N/A       99%         3
 Animate Armour           Summ/Erth      0%         N/A       100%        4
 Arcjolt                  Conj/Air       0%         1d10      100%        5
 Lightning Bolt           Conj/Air       0%         1d11      100%        5
 Lehudib's Crystal Spear  Conj/Erth      0%         10d2      100%        8


Dungeon Overview and Level Annotations

Branches:
Dungeon (5/15)             Temple (1/1) D:4           Sewer (visited)

Altars:
Cheibriados
Dithmenos
Elyvilon
Fedhas
Hepliaklqana
Kikubaaqudgha
Makhleb
Nemelex Xobeh
Qazlal
Ru
Trog
Uskayaw
Vehumet
Xom
Yredelemnul
Zin
The Shining One

Annotations:
D:5 Blork the orc
Temple 2 transporters


Innate Abilities, Weirdness & Mutations

You have a pair of horns on your head.
You reflexively headbutt those who attack you in melee.


Message History

An ogre comes into view. It is wielding a +0 giant spiked club.
The ogre shouts!
The orc wizard gestures wildly while chanting.
The orc wizard flickers and vanishes!
Deactivating autopickup; reactivate with Ctrl-A.
As you read the scroll of teleportation, it crumbles to dust.
You feel strangely unstable.
The ogre hits you with a +0 giant spiked club!!
* * * LOW HITPOINT WARNING * * *
You are no longer corroded.
The jackal bites you but does no damage.
The ogre hits you with a +0 giant spiked club!
* * * LOW HITPOINT WARNING * * *
Your surroundings suddenly seem different. 2 orcs, an orc wizard and a jackal come into view.
The orc shouts!
The orc wizard shouts!
The jackal barks!
An orc comes into view. It is wielding a +0 whip.
Unknown command.
As you read the scroll of teleportation, it crumbles to dust.
You feel strangely unstable.
Unknown command.
A jackal comes into view.
The jackal barks!
A jackal comes into view.
The jackal moves out of view.
The jackal barks!
You hit the orc.
The orc is heavily wounded.
The orc hits you but does no damage.
You hit the orc but do no damage. Your headbutt misses the orc.
The orc is heavily wounded.
Your surroundings suddenly seem different.
Blork the orc comes into view.
He is wielding a +0 scimitar.
Found a shimmering ring mail, a scroll of fear and 11 gold pieces.
Found a stone staircase leading up.
An adder comes into view.
The adder hisses angrily.
Blork the orc points at you and mumbles some strange words.
The puff of flame hits you!
You die...

## .. #.
$S. #?#
#... ..#
#....
#..###.....
#..[#......
#..........
#..@......#
#.........<
#......o#.#
#######...#
#.. #


You could see Blork the orc and an adder.

Vanquished Creatures
  4 kobold brigands (Sewer)
  2 hounds (D:4)
  An orc wizard (D:4)
  4 gnolls (D:4)
  13 adders
  3 river rats (Sewer)
  A white imp (D:4)
  2 worms
  4 dart slugs
  8 orcs
  10 ball pythons
  9 endoplasms
  3 giant cockroaches
  9 goblins
  6 hobgoblins
  A jackal (D:5)
  7 quokkas
  2 bats
  3 frilled lizards
  14 kobolds
  10 rats
116 creatures vanquished.

Notes
Turn   | Place    | Note
-------+----------+-------------------------------------------
     0 | D:1      | boo the Minotaur Fighter began the quest for the Orb.
     0 | D:1      | Reached XP level 1. HP: 19/19 MP: 0/0
   213 | D:1      | Reached XP level 2. HP: 23/27 MP: 1/1
   380 | D:1      | Found a faded altar of an unknown god.
   437 | D:1      | Reached skill level 3 in Long Blades
  1436 | D:2      | Reached XP level 3. HP: 33/33 MP: 2/2
  2036 | D:3      | Reached XP level 4. HP: 40/40 MP: 3/3
  2077 | D:3      | Reached skill level 4 in Long Blades
  2481 | D:3      | Found a glowing drain.
  2486 | Sewer    | Entered a sewer
  2573 | Sewer    | Noticed a kobold brigand
  2587 | Sewer    | Reached XP level 5. HP: 44/47 MP: 4/4
  2877 | Sewer    | Reached skill level 5 in Long Blades
  3149 | Sewer    | Reached skill level 5 in Fighting
  3149 | Sewer    | Reached skill level 5 in Armour
  3149 | Sewer    | Reached XP level 6. HP: 10/56 MP: 5/5
  3318 | Sewer    | Reached skill level 5 in Shields
  3528 | Sewer    | Reached skill level 6 in Long Blades
  3895 | D:4      | Found a staircase to the Ecumenical Temple.
  3932 | Temple   | Entered the Ecumenical Temple
  3932 | Temple   | Found a transporter.
  3932 | Temple   | Found a transporter.
  3934 | Temple   | Found a transporter.
  3934 | Temple   | Found a transporter.
  4011 | D:4      | Found a basalt altar of Yredelemnul.
  4095 | D:4      | Reached XP level 7. HP: 49/61 MP: 6/6
  4630 | D:4      | Found a burning altar of Makhleb.
  4918 | D:5      | Entered Level 5 of the Dungeon
  4946 | D:5      | HP: 1/62 [ogre/+0 giant spiked club (12)]
  4951 | D:5      | Noticed Blork the orc
  4952 | D:5      | Killed from afar by Blork the orc

Illustrated notes

Levels and vault maps discovered:
D:1:      roderic_crop_circles_arrival_small, layout_loops_corners,
          serial_bayou, serial_bayou_lagoon_b, serial_bayou_pond_d,
          serial_bayou_shore_a, serial_bayou_pond_e,
          dreamdust_ecumenical_altar_grove
D:2:      layout_loops_ring
D:3:      layout_loops_cross, portal_sewer_entry_e, minmay_vboxes
D:4:      layout_loops_cross, mainiacjoe_overflow_small_starburst,
          mainiacjoe_overflow_paths, minmay_temple_entry_arrows
D:5:      layout_rooms, enter_ossuary_5, uniq_blork_the_orc
Temple:   hellmonk_temple_divided_pantheon

Skill      XL: |  1  2  3  4  5  6 |
---------------+-------------------+-----
Long Blades    | 3 4 5 6 |  6.7
Fighting       | 4 5 |  5.8
Shields        | 4 5 |  5.0
Armour         | 4 5 |  5.7

Action                     |  1- 3 |  4- 6 |  7- 9 || total
---------------------------+-------+-------+-------++-------
  Melee: Long sword        |    81 |   229 |    65 ||   375
         Headbutt          |     7 |    31 |    10 ||    48
    Use: Scroll            |       |     5 |     3 ||     8
 Armour: Scale mail        |    26 |   124 |    26 ||   176
  Dodge: Dodged            |    33 |    85 |    20 ||   138
  Block: Buckler           |    26 |    68 |    22 ||   116

Table legend: (Time is in decaauts)
 A = Elapsed time spent in this place.
 B = Non-inter-level travel time spent in this place.
 C = Inter-level travel time spent in this place.
 D = Time resting spent in this place.
 E = Time spent auto-exploring this place.
 F = Levels seen in this place.
 G = Mean time per level.
                   A        B        C        D        E       F      G
               +--------+--------+--------+--------+--------+-----+--------+
         Total |   5218 |   5092 |    126 |    773 |   3366 |   7 |  745.4 |
       Dungeon |   3804 |   3679 |    125 |    259 |   2827 |   5 |  760.8 |
        Temple |     38 |     38 |      0 |      0 |      6 |   1 |   38.0 |
         Sewer |   1376 |   1376 |      0 |    514 |    532 |   1 | 1376.0 |
               +--------+--------+--------+--------+--------+-----+--------+

Top non-repeatable levels by time:
   Sewer: 1376 daAuts
     D:1: 1285 daAuts
     D:4: 1001 daAuts
     D:3: 800 daAuts
     D:2: 681 daAuts
  Temple: 38 daAuts
     D:5: 35 daAuts
